 Dungeon Crawl Stone Soup version 0.24-a0-22-g2a401c0 (webtiles) character file.

Game seed: 17414883240538907096

142 Manglewurzel the Skirmisher (level 5, 0/57 HPs)
             Began as an Ogre Berserker on Feb 1, 2019.
             Was a Believer of Trog.
             Slain by Pikel
             ... wielding a +1 whip of freezing
              (3 damage)
             ... on level 3 of the Dungeon.
             The game lasted 00:05:21 (3326 turns).

Manglewurzel the Skirmisher (Ogre Berserker)        Turns: 3326, Time: 00:05:22

Health: 0/57       AC:  4    Str: 21    XL:     5   Next: 25%
Magic:  5/5        EV: 11    Int:  8    God:    Trog [**....]
Gold:   112        SH:  0    Dex:  9    Spells: 4/4 levels left

rFire    . . .     SeeInvis .   a - +0 mace
rCold    . . .     Gourm    .   (no shield)
rNeg     . . .     Faith    .   b - +1 animal skin
rPois    .         Spirit   .   (helmet restricted)
rElec    .         Reflect  .   (no cloak)
rCorr    .         Harm     .   (gloves unavailable)
MR       .....                  (boots unavailable)
Stlth    +.........             (no amulet)
HPRegen  0.19/turn              (no ring)
MPRegen  0.09/turn              (no ring)

@: berserk cooldown, slowed, very slow
A: large, unfitting armour, tough skin 1
a: Berserk, Trog's Hand, Renounce Religion


You were on level 3 of the Dungeon.
You worshipped Trog.
Trog was pleased with you.
You were hungry.

You visited 1 branch of the dungeon, and saw 4 of its levels.

You collected 112 gold pieces.

Inventory:

Hand Weapons
 a - a +0 mace (weapon)
 g - a +0 spear
Missiles
 h - 73 stones (quivered)
Armour
 b - a +1 animal skin (worn)
Jewellery
 r - an uncursed ring of fire
Wands
 o - a wand of disintegration (10)
Scrolls
 d - a scroll of enchant armour
 e - a scroll of remove curse
 l - a scroll of amnesia {unknown}
 m - 4 scrolls of teleportation {unknown}
 q - a scroll of immolation {unknown}
Potions
 f - a potion of mutation
 j - 2 potions of curing
 k - a potion of cancellation {unknown}
 n - 2 potions of haste
 p - a potion of brilliance {unknown}
Comestibles
 c - 4 rations


   Skills:
 + Level 5.2 Fighting
 + Level 3.8 Maces & Flails
 + Level 0.5 Throwing
 + Level 3.5 Dodging
 + Level 0.2 Stealth


You had 4 spell levels left.
You didn't know any spells.
Your spell library was empty.

Dungeon Overview and Level Annotations

Branches:
Dungeon (4/15)
 Temple: D:4-7

Altars:
Trog
Uskayaw

Annotations:
D:3 Pikel
D:4 Blork the orc


Innate Abilities, Weirdness & Mutations

You are too large for most types of armour.
You have tough skin. (AC +1)


Message History

The slave barely misses you. x2
The hound skeleton bites you but does no damage.
An orc priest comes into view. It is wielding a +0 hand axe.
The jackal misses you. Pikel barely misses you.
The orc priest shouts!
You hear a shout!
The jackal bites you but does no damage.
The slave closely misses you. x2; The hound skeleton closely misses you.
The jackal misses you.
You climb upwards.
You feel a strong urge to attack something.
You are no longer berserk.
You are exhausted.
You feel yourself slow down.
There is a stone staircase leading down here.
Okay, then.
You feel better. The jackal closely misses you.
Pikel hits you with a +1 whip of freezing.
* * * LOW HITPOINT WARNING * * *
Pikel freezes you.
You die...

#..........# #..........#
#..........#######
#####........#......#
#####............#......#
#.....##................# ##
#>...###................#
.####....# #.....p..........#
........## #...p@h..........#
..###....###....hK..........#
.## ##.....##..<....(.......#
.# ###.#..##......#.......#
.# #.##.#######...###.### .#
#..#.# ##.....##.##### .#
##...# #.........#...## ##
##..# #..............## #
#..## ##.............^.#


You could see Pikel, 2 slaves and 2 jackals.

Vanquished Creatures
  A slave (D:3)
  2 iguanas (D:3)
  4 adders
  An adder skeleton (D:4)
  2 worms (D:2)
  An orc (D:3)
  2 giant cockroaches
  5 goblins
  5 hobgoblins
  3 jackals (D:1)
  A quokka (D:3)
  4 bats
  4 frilled lizards
  7 kobolds
  7 rats
49 creatures vanquished.

Notes
Turn   | Place    | Note
-------+----------+-------------------------------------------
     0 | D:1      | Manglewurzel the Ogre Berserker began the quest for the
                  | Orb.
     0 | D:1      | Reached XP level 1. HP: 24/24 MP: 1/1
   322 | D:1      | Reached XP level 2. HP: 32/32 MP: 2/2
   819 | D:2      | Reached XP level 3. HP: 27/40 MP: 3/3
   922 | D:2      | Found a faded altar of an unknown god.
  1226 | D:2      | Reached ** piety under Trog
  1977 | D:3      | Reached XP level 4. HP: 49/49 MP: 4/4
  2335 | D:3      | Reached skill level 5 in Fighting
  2704 | D:3      | Found a bloodstained altar of Trog.
  2741 | D:3      | Reached XP level 5. HP: 41/57 MP: 5/5
  3000 | D:3      | Noticed a +0 dagger
  3001 | D:3      | Found a hide-covered altar of Uskayaw.
  3001 | D:3      | Noticed a +0 dagger
  3145 | D:4      | Noticed Pikel
  3145 | D:4      | Noticed a slave
  3145 | D:4      | Noticed a slave
  3145 | D:4      | Noticed a slave
  3145 | D:4      | Noticed a slave
  3207 | D:3      | Killed a slave
  3320 | D:4      | Noticed Blork the orc
  3322 | D:4      | HP: 4/85 [Pikel/+1 whip of freezing (1)]
  3326 | D:3      | Slain by Pikel

Vault maps used:
D:1:      eino_arrival_water_star
D:2:      chequers_ecumenical_altar_island
D:3:      dancing_weapons_uskayaw, old_standard_altar, first_ration
D:4:      minmay_razor_zed, minitemple, okawaru_gym_becter, uniq_ijyb,
          uniq_pikel, uniq_blork_the_orc, uniq_edmund

Skill      XL: |  1  2  3  4 |
---------------+-------------+-----
Maces & Flails | 3 |  3.8
Dodging        | 3 |  3.5
Fighting       | 5 |  5.2
Throwing       | |  0.5
Stealth        | |  0.2

Action                   |  1- 3 |  4- 6 || total
-------------------------+-------+-------++-------
Melee: Mace              |    95 |    80 ||   175
Throw: Stone             |    12 |       ||    12
Invok: Berserk           |     2 |     4 ||     6
  Use: Scroll            |       |     5 ||     5
       Potion            |       |     1 ||     1
  Eat: Chunk             |     1 |     8 ||     9
       Ration            |     1 |       ||     1
Armor: Animal skin       |    30 |    27 ||    57
Dodge: Dodged            |    50 |    72 ||   122

Table legend:
 A = Non-vault XP
 B = Vault XP
 C = Vault XP percentage of total XP
 D = Non-vault monster count
 E = Vault monster count
 F = Vault count percentage of total count
                 A         B        C        D         E       F
            +---------+---------+-------+---------+---------+-------
      Total |     204 |       0 |   0.0 |      48 |       0 |   0.0
            +---------+---------+-------+---------+---------+-------
        D:1 |      29 |       0 |   0.0 |      19 |       0 |   0.0
        D:2 |      41 |       0 |   0.0 |       6 |       0 |   0.0
        D:3 |     129 |       0 |   0.0 |      22 |       0 |   0.0
        D:4 |       5 |       0 |   0.0 |       1 |       0 |   0.0
            +---------+---------+-------+---------+---------+-------
